 Dungeon Crawl Stone Soup version 0.16.2-12-gd0ad4c3 (webtiles) character file.

241 Ishikawa the Magician (level 5, -8/38 HPs)
             Began as a Mummy Wizard on Oct 27, 2015.
             Killed from afar by Pikel (15 damage)
             ... with a wand of flame
             ... on level 4 of the Dungeon.
             The game lasted 00:10:46 (2768 turns).

Ishikawa the Magician (Mummy Wizard)                Turns: 2768, Time: 00:10:46

Health: -8/38      AC:  3    Str: 10    XL:     5   Next: 80%
Magic:  3/13       EV: 12    Int: 18    God:
Gold:   240        SH:  0    Dex: 10    Spells: 4 memorised, 3 levels left

rFire  x . .     SeeInvis .     e - +1 short sword (drain)
rCold  + + .     Clarity  .     a - +0 robe
rNeg   + + +     SustAb   .     (no shield)
rPois  ∞         Gourm    .     b - +0 hat
rElec  .         Spirit   .     (no cloak)
rCorr  .         Warding  .     (no gloves)
rMut   .         Stasis   .     s - +0 pair of boots
MR     .....                    (no amulet)
Stlth  ++........               (no ring)
                                m - ring of protection from cold

@: not resistant to hostile enchantments, unstealthy
A: no food or potions, fire vulnerability, restore body, cold resistance 1,
negative energy resistance 3, poison resistance, torment resistance, unbreathing
a: no special abilities


You were on level 4 of the Dungeon.
You were not hungry.

You visited 1 branch of the dungeon, and saw 4 of its levels.

You collected 240 gold pieces.

Inventory:

Hand weapons
 e - a +1 short sword of draining (weapon)
 h - a +3 whip
 k - a cursed -3 whip
Armour
 a - a +0 robe (worn)
 b - a +0 hat (worn)
 f - a +2 ring mail of cold resistance
 s - a +0 pair of boots (worn)
Jewellery
 m - a ring of protection from cold (left hand)
 w - an uncursed ring of protection from fire {unknown}
Magical devices
 q - a wand of polymorph (6)
 r - a wand of slowing (15)
Scrolls
 d - 5 scrolls of identify {unknown}
 g - 2 scrolls of teleportation {unknown}
 i - a scroll of fog {unknown}
 j - a scroll of remove curse {unknown}
 l - a scroll of magic mapping {unknown}
 n - a scroll of random uselessness {unknown}
 o - 2 scrolls of fear {unknown}
 p - a scroll of enchant armour {unknown}
 u - a scroll of immolation {unknown}
Books
 c - a book of Minor Magic

   Spells                             Type                      Level
   a - Magic Dart                     Conjuration                  1
   b - Blink                          Translocation                2
   c - Call Imp                       Summoning                    2
   d - Repel Missiles                 Charms/Air                   2
   e - Slow                           Hexes                        2
   f - Conjure Flame                  Conjuration/Fire             3
   g - Mephitic Cloud                 Conjuration/Poison/Air       3
 t - a Necronomicon {highlevel, unknown}

   This book is beyond your current level of understanding.

   Spells                             Type                      Level
   a - Haunt                          Necromancy/Summoning         7
   b - Borgnjor's Revivification      Necromancy                   8
   c - Death's Door                   Charms/Necromancy            8
   d - Necromutation                  Transmutation/Necromancy     8
 v - a book of Changes

   Spells                             Type                      Level
   a - Beastly Appendage              Transmutation                1
   b - Sticks to Snakes               Transmutation                2
   c - Spider Form                    Transmutation/Poison         3
   d - Ice Form                       Ice/Transmutation            4
   e - Blade Hands                    Transmutation                5


   Skills:
 - Level 2.0 Fighting
 - Level 1.5 Dodging
 - Level 1.5 Stealth
 + Level 4.0 Spellcasting
 + Level 2.3 Conjurations
 + Level 1.6 Summonings
   Level 0.7 Translocations
 + Level 1.2 Air Magic
 + Level 1.4 Poison Magic


You had 3 spell levels left.
You knew the following spells:

 Your Spells              Type           Power        Failure   Level  Hunger
a - Magic Dart            Conj           ##..         8%          1    N/A
b - Call Imp              Summ           #.......     12%         2    N/A
c - Mephitic Cloud        Conj/Pois/Air  #.......     24%         3    N/A
d - Conjure Flame         Conj/Fire      #.......     30%         3    N/A

Dungeon Overview and Level Annotations

Branches:
Dungeon (4/15)
 Temple: D:4-7

Altars:
Nemelex Xobeh
Qazlal

Annotations:
D:3 Gravoth's ghost, average KoHu
D:4 Natasha; Pikel


Innate Abilities, Weirdness & Mutations

You do not eat or drink.
Your flesh is vulnerable to fire.
Your flesh is cold resistant.
You are immune to negative energy.
Your system is resistant to poisons.
You are immune to unholy pain and torment.
You can survive without breathing.


Message History

Something misses Pikel.
The slave completely misses the slave.
Pikel zaps a wand.
The puff of flame hits you! The fire burns you terribly!
It is a wand of flame.
Evoke which item? (* to show all) (? for menu, Esc to quit)
Zapping:
q - a wand of polymorph (will waste charges)
Press: ? - help, Shift-Dir - straight line, f - Pikel
Aim: Pikel, wielding a whip of freezing, wearing a robe and carrying a wand of flame {zapped: 1} (chance 46%) Pikel resists with some effort.
Evoking this partially-identified wand wasted a few charges.
Pikel zaps a wand.
The puff of flame hits you! The fire burns you terribly!
* * * LOW HITPOINT WARNING * * *
The slave hits the orc.
Something hits the slave.
The orc hits the slave but does no damage.
Pikel says, "Slavery isn't that bad."
Pikel zaps a wand.
The puff of flame misses you.
The orc closely misses the slave.
The goblin shoots a stone.
The stone closely misses you.
You see here a stone.
Pikel zaps a wand.
The puff of flame hits you! The fire burns you terribly!
You die...

.........#......≈≈..#
.........#......≈≈..##+##
......)po'......≈≈......#
##'#####+#.p....≈≈≈.g)..#
p.............≈≈≈≈≈≈≈#
........K....#≈≈≈≈≈≈##+++
..........(..'....≈≈≈≈...
....>........#....#.≈≈...
...........@#....# ...
...........#..(## #
##+#......#.((##
#....#......#)...#
....#......#....+
#.(.+......'....#
#...#......#...##
#...#..!...##+##
#...#......#


You could see Pikel, a slave and a goblin.

Vanquished Creatures
  Sigmund (D:4)
  Blork the orc (D:4)
  Jessica (D:2)
  2 giant mites (D:3)
  An adder (D:4)
  2 worms
  An adder zombie (D:4)
  A giant gecko (D:2)
  3 giant cockroaches
  6 goblins
  7 hobgoblins
  11 jackals
  11 kobolds
  10 bats
  2 giant newts (D:1)
  4 quokkas
  7 rats
71 creatures vanquished.

Vanquished Creatures (collateral kills)
  2 worms (D:2)
  A jackal (D:2)
  A rat (D:2)
4 creatures vanquished.

Vanquished Creatures (others)
  A shadow imp (D:2)
1 creature vanquished.

Grand Total: 76 creatures vanquished

Notes
Turn   | Place    | Note
--------------------------------------------------------------
     0 | D:1      | Ishikawa, the Mummy Wizard, began the quest for the Orb.
     0 | D:1      | Reached XP level 1. HP: 13/13 MP: 4/4
    51 | D:1      | Reached skill level 1 in Conjurations
   315 | D:1      | Reached XP level 2. HP: 14/20 MP: 0/6
   321 | D:1      | Learned a level 2 spell: Call Imp
   328 | D:1      | Found a sparkling altar of Nemelex Xobeh.
   414 | D:1      | Reached skill level 1 in Fighting
   794 | D:2      | Reached XP level 3. HP: 7/26 MP: 1/8
   799 | D:2      | Learned a level 3 spell: Mephitic Cloud
  1191 | D:2      | Reached skill level 1 in Summonings
  1435 | D:2      | Noticed Jessica
  1443 | D:2      | Killed Jessica
  1443 | D:2      | Reached XP level 4. HP: 26/33 MP: 4/9
  1802 | D:3      | Learned a level 3 spell: Conjure Flame
  2020 | D:3      | Noticed Gravoth's ghost (average KoHu)
  2047 | D:4      | Noticed Sigmund
  2061 | D:4      | Killed Sigmund
  2061 | D:4      | Reached skill level 1 in Poison Magic
  2061 | D:4      | Reached XP level 5. HP: 25/38 MP: 3/12
  2179 | D:4      | Noticed Blork the orc
  2191 | D:4      | Killed Blork the orc
  2191 | D:4      | Reached skill level 1 in Air Magic
  2215 | D:4      | Noticed Natasha
  2365 | D:3      | Found a stormy altar of Qazlal.
  2473 | D:3      | Reached skill level 4 in Spellcasting
  2744 | D:4      | Noticed a slave
  2754 | D:4      | Noticed a slave
  2754 | D:4      | Noticed a slave
  2755 | D:4      | Noticed Pikel
  2759 | D:4      | Noticed a slave
  2768 | D:4      | Killed from afar by Pikel

Action                   |  1- 3 |  4- 6 || total
-------------------------+-------+-------++-------
Melee: Unarmed           |    14 |       ||    14
       Short sword       |    49 |    77 ||   126
       Whip              |    18 |       ||    18
 Cast: Magic Dart        |    50 |    27 ||    77
       Call Imp          |     5 |     5 ||    10
       Mephitic Cloud    |     1 |     5 ||     6
       Conjure Flame     |       |     2 ||     2
Evoke: Wand              |       |     1 ||     1
 Stab: Confused          |       |     2 ||     2
